 Dungeon Crawl Stone Soup version 0.31-a0-175-g9f7f995f2b (webtiles) character file.

Game seed: 3351450379730164955

804 qw the Chopper (level 7, 0/44 HPs)
             Began as a Gargoyle Fighter on June 17, 2023.
             Slain by an iron imp (3 damage)
             ... summoned by Eustachio
             ... on level 4 of the Dungeon.
             The game lasted 00:02:20 (3468 turns).

qw the Chopper (Gargoyle Fighter)                   Turns: 3468, Time: 00:02:20

Health: 0/44       AC:  9    Str: 22    XL:     7   Next: 91%
Magic:  7/7        EV: 10    Int:  8    God:
Gold:   219        SH:  4    Dex:  9    Spells: 6/6 levels left

rFire   . . .        Y - +0 war axe
rCold   + . .        c - +0 buckler
rNeg    + . .        k - +1 ring mail {rC+}
rPois   inf          e - +0 helmet
rElec   +            (no cloak)
rCorr   .            f - +0 pair of gloves
SInv    +            (no boots)
Will    .....        (no amulet) Stlth
                     m - ring of see invisible
HPRegen 0.27/turn    (no ring)
MPRegen 0.10/turn

%: no passive effects
@: corroded
A: sickness immunity, AC +4, negative energy resistance 1, electricity
resistance, torment resistance 1, petrification resistance
a: no special abilities


You were on level 4 of the Dungeon.
You visited 1 branch of the dungeon, and saw 4 of its levels.

You collected 219 gold pieces.


Innate Abilities, Weirdness & Mutations

You are immune to sickness and miasma.
Your stone body is resilient. (AC +4)
You are immune to poison.
You resist negative energy. (rN+)
You are resistant to electric shocks. (rElec)
You are resistant to unholy torment.
You are immune to petrification.


   Skills:
 - Level 5.1 Fighting
 + Level 7.0 Axes
 - Level 1.0 Throwing
 - Level 3.2 Armour
 - Level 1.0 Dodging
 - Level 3.2 Shields


You had 6 spell levels left.
You didn't know any spells.
Your spell library was empty.

Inventory:

Hand Weapons
 s - a +0 flail
 Y - a +0 war axe (weapon)
Missiles
 j - 3 boomerangs (quivered)
Armour
 b - a +0 scale mail
 c - a +0 buckler (worn)
 e - a +0 helmet (worn)
 f - a +0 pair of gloves (worn)
 k - a +1 ring mail of cold resistance (worn)
 p - a +0 leather armour of fire resistance
Jewellery
 m - a ring of see invisible (left hand)
Scrolls
 n - 2 scrolls of identify
 o - a scroll of torment {unknown}
 r - a scroll of enchant weapon {unknown}
Potions
 d - a potion of might
 g - 2 potions of cancellation {unknown}
 h - a potion of curing {unknown}
 i - a potion of enlightenment {unknown}
 l - a potion of attraction {unknown}
 q - a potion of berserk rage {unknown}

Dungeon Overview and Level Annotations

Branches:
Dungeon (4/15)
 Temple: D:4-7

Altars:

Annotations:
D:4 Eustachio


Message History

You closely miss the iron imp.
The iron imp is severely wounded.
You closely miss the river rat. You hit the quokka but do no damage.
The quokka bites you but does no damage.
You block the iron imp's attack. The river rat bites you!
The crimson imp blinks!
You block the quokka's attack.
You barely miss the iron imp.
The iron imp is severely wounded.
You completely miss the river rat. You hit the quokka.
The river rat bites you but does no damage.
The iron imp hits you but does no damage.
The river rat bites you.
You closely miss the quokka.
The quokka is almost dead.
You closely miss the iron imp. You hit the river rat.
You closely miss the quokka.
The quokka bites you but does no damage.
The iron imp hits you but does no damage.
The quokka barely misses you. You block the river rat's attack.
You closely miss the river rat.
The river rat is almost dead.
You barely miss the quokka. You hit the iron imp but do no damage.
You closely miss the quokka. You block the quokka's attack.
The quokka bites you. The iron imp hits you. You block the river rat's attack.
The quokka bites you. The quokka barely misses you.
You barely miss the river rat.
The river rat is almost dead.
You completely miss the quokka. You closely miss the crimson imp.
You slash the quokka!
You kill the quokka!
You hit the iron imp.
The crimson imp blinks!
The iron imp barely misses you. The quokka bites you.
You hit the iron imp but do no damage.
The iron imp is almost dead.
You barely miss the river rat. You slash the quokka!
You kill the quokka!
The quokka's corpse disappears in a puff of smoke!
The iron imp hits you.
You die...

#....#### #<.
#<....# #..
##...## ..# #..
##.## ..#. #.###
##.# >....
....#.##.# #...
#.5.......
.###.####r5...##..
........5@r......
###.#...r@..###.
## #.#.#####.# ..
#.###.#....# # #
#..........#
#####.#........
### #.#.##.....
..# #####.#..
::... #.#
#.....#### #...
#.#


You could see Eustachio, an iron imp (summoned), a crimson imp (summoned), 3
river rats and a shadow imp (summoned).

Vanquished Creatures
  Grinder (D:4)
  Sigmund (D:2)
  A scorpion (D:4)
  A hound (D:4)
  A jelly (D:4)
  An orc priest (D:4)
  A gnoll bouda (D:4)
  2 iguanas (D:4)
  A howler monkey zombie (D:2)
  6 gnolls
  5 adders
  2 adder skeletons (D:2)
  An adder zombie (D:2)
  A worm (D:2)
  6 orcs (D:4)
  A bat skeleton (D:2)
  A bat zombie (D:2)
  6 endoplasms
  3 giant cockroaches
  16 goblins
  5 hobgoblins
  2 jackals (D:4)
  4 quokkas
  7 ball pythons
  A ball python skeleton (D:2)
  6 bats
  A frilled lizard (D:2)
  8 kobolds
  2 quokka zombies (D:2)
  17 rats
111 creatures vanquished.

Notes
Turn   | Place    | Note
-------+----------+-------------------------------------------
     0 | D:1      | qw the Gargoyle Fighter began the quest for the Orb.
     0 | D:1      | Reached XP level 1. HP: 14/14 MP: 1/1
     0 | D:1      | 0 ||| qw: Version: 0.3-a-2-g5ab2908
     0 | D:1      | 0 ||| qw: Game counter: 232
     0 | D:1      | 0 ||| qw: Always use a shield: true
     0 | D:1      | 0 ||| qw: God list: Okawaru
     0 | D:1      | 0 ||| qw: Allow faded altars: false
     0 | D:1      | 0 ||| qw: Do Orc after D:15 true
     0 | D:1      | 0 ||| qw: Do second Lair branch before Depths: true
     0 | D:1      | 0 ||| qw: Lair rune preference: random
     0 | D:1      | 0 ||| qw: Plans: Normal, Zot:1-4, Slime:5, God:TSO, Crypt,
                  | Tomb, Abyss, Pan, Hells, Win
     0 | D:1      | 0 ||| PLANNING D:1-11
   106 | D:1      | Reached skill level 2 in Axes
   179 | D:1      | 179 ||| Stepping ~*~*~tactically~*~*~ (hiding).
   186 | D:1      | Reached XP level 2. HP: 15/19 MP: 2/2
   192 | D:1      | 192 ||| FLEEEEING.
   193 | D:1      | 193 ||| FLEEEEING.
   194 | D:1      | 194 ||| FLEEEEING.
   195 | D:1      | 195 ||| FLEEEEING.
   197 | D:1      | 197 ||| FLEEEEING.
   199 | D:1      | 199 ||| FLEEEEING.
   200 | D:1      | 200 ||| FLEEEEING.
   201 | D:1      | 201 ||| FLEEEEING.
   202 | D:1      | 202 ||| FLEEEEING.
   203 | D:1      | 203 ||| FLEEEEING.
   204 | D:1      | 204 ||| FLEEEEING.
   205 | D:1      | 205 ||| FLEEEEING.
   206 | D:1      | 206 ||| FLEEEEING.
   207 | D:1      | 207 ||| FLEEEEING.
   208 | D:1      | 208 ||| FLEEEEING.
   209 | D:1      | 209 ||| FLEEEEING.
   210 | D:1      | 210 ||| FLEEEEING.
   211 | D:1      | 211 ||| FLEEEEING.
   212 | D:1      | 212 ||| FLEEEEING.
   213 | D:1      | 213 ||| FLEEEEING.
   214 | D:1      | 214 ||| FLEEEEING.
   215 | D:1      | 215 ||| FLEEEEING.
   216 | D:1      | 216 ||| FLEEEEING.
   217 | D:1      | 217 ||| FLEEEEING.
   219 | D:1      | 219 ||| FLEEEEING.
   220 | D:1      | 220 ||| FLEEEEING.
   221 | D:1      | 221 ||| FLEEEEING.
   222 | D:1      | 222 ||| FLEEEEING.
   223 | D:1      | 223 ||| FLEEEEING.
   224 | D:1      | 224 ||| FLEEEEING.
   225 | D:1      | 225 ||| FLEEEEING.
   226 | D:1      | 226 ||| FLEEEEING.
   227 | D:1      | 227 ||| FLEEEEING.
   228 | D:1      | 228 ||| FLEEEEING.
   229 | D:1      | 229 ||| FLEEEEING.
   230 | D:1      | 230 ||| FLEEEEING.
   231 | D:1      | 231 ||| FLEEEEING.
   232 | D:1      | 232 ||| FLEEEEING.
   233 | D:1      | 233 ||| FLEEEEING.
   234 | D:1      | 234 ||| FLEEEEING.
   235 | D:1      | 235 ||| FLEEEEING.
   236 | D:1      | 236 ||| FLEEEEING.
   237 | D:1      | 237 ||| FLEEEEING.
   238 | D:1      | 238 ||| FLEEEEING.
   239 | D:1      | 239 ||| FLEEEEING.
   312 | D:1      | Reached skill level 3 in Axes
   366 | D:1      | Reached XP level 3. HP: 23/23 MP: 3/3
   574 | D:1      | 574 ||| Stepping ~*~*~tactically~*~*~ (stealth).
   722 | D:1      | 722 ||| UPGRADING to +0 helmet.
   727 | D:1      | 727 ||| UPGRADING to +0 pair of gloves.
  1009 | D:2      | Reached XP level 4. HP: 27/28 MP: 4/4
  1017 | D:2      | 1017 ||| Stepping ~*~*~tactically~*~*~ (hiding).
  1019 | D:2      | 1019 ||| Stepping ~*~*~tactically~*~*~ (hiding).
  1020 | D:2      | 1020 ||| Stepping ~*~*~tactically~*~*~ (hiding).
  1104 | D:2      | 1104 ||| Stepping ~*~*~tactically~*~*~ (stealth).
  1106 | D:2      | 1106 ||| Stepping ~*~*~tactically~*~*~ (stealth).
  1115 | D:2      | 1115 ||| Stepping ~*~*~tactically~*~*~ (stealth).
  1126 | D:2      | Reached skill level 4 in Axes
  1236 | D:2      | Noticed Sigmund
  1252 | D:2      | Killed Sigmund
  1253 | D:2      | Reached skill level 5 in Axes
  1253 | D:2      | Reached XP level 5. HP: 16/32 MP: 5/5
  1253 | D:2      | Reached XP level 6. HP: 18/37 MP: 6/6
  1610 | D:2      | 1610 ||| Stepping ~*~*~tactically~*~*~ (stealth).
  1833 | D:2      | 1833 ||| Stepping ~*~*~tactically~*~*~ (stealth).
  1874 | D:2      | 1874 ||| Stepping ~*~*~tactically~*~*~ (stealth).
  1875 | D:2      | 1875 ||| Stepping ~*~*~tactically~*~*~ (stealth).
  1881 | D:2      | 1881 ||| Stepping ~*~*~tactically~*~*~ (stealth).
  1994 | D:2      | 1994 ||| UPGRADING to +1 ring mail of cold resistance.
  2004 | D:2      | 2004 ||| UPGRADING to ring of see invisible.
  2005 | D:2      | 2005 ||| DROPPING +6 ring of intelligence.
  2006 | D:2      | 2006 ||| READING scroll labelled CIADIO TOROZUC.
  2007 | D:2      | 2007 ||| READING scroll labelled OCKEUT VEDOOGU.
  2008 | D:2      | 2008 ||| DRINKING 2 glowing white potions.
  2114 | D:3      | 2114 ||| DROPPING +0 club.
  2129 | D:3      | 2129 ||| Stepping ~*~*~tactically~*~*~ (hiding).
  2130 | D:3      | 2130 ||| Stepping ~*~*~tactically~*~*~ (hiding).
  2131 | D:3      | 2131 ||| Stepping ~*~*~tactically~*~*~ (hiding).
  2132 | D:3      | 2132 ||| Stepping ~*~*~tactically~*~*~ (hiding).
  2133 | D:3      | 2133 ||| Stepping ~*~*~tactically~*~*~ (hiding).
  2565 | D:3      | 2565 ||| Stepping ~*~*~tactically~*~*~ (stealth).
  2566 | D:3      | 2566 ||| Stepping ~*~*~tactically~*~*~ (stealth).
  2822 | D:3      | 2822 ||| READING scroll labelled YZXENT GIOSCHU.
  2826 | D:3      | 2826 ||| READING scroll labelled TULEKY USAN.
  2880 | D:4      | 2880 ||| Stepping ~*~*~tactically~*~*~ (stealth).
  2886 | D:4      | Reached skill level 1 in Dodging
  2901 | D:4      | HP: 9/39 [gnoll/+0 whip[a gnoll bouda] (4)]
  2902 | D:4      | 2902 ||| DRINKING potion of heal wounds.
  2907 | D:4      | Reached XP level 7. HP: 19/44 MP: 7/7
  2908 | D:4      | Reached skill level 6 in Axes
  3036 | D:4      | 3036 ||| DROPPING +0 mace.
  3090 | D:4      | Noticed Grinder
  3098 | D:4      | Paralysed by Grinder for 3 turns
  3108 | D:4      | 3108 ||| FLEEEEING.
  3109 | D:4      | 3109 ||| FLEEEEING.
  3109 | D:4      | Paralysed by Grinder for 5 turns
  3119 | D:4      | Paralysed by Grinder for 4 turns
  3127 | D:4      | Killed Grinder
  3128 | D:4      | Reached skill level 7 in Axes
  3295 | D:4      | 3295 ||| Stepping ~*~*~tactically~*~*~ (stealth).
  3446 | D:4      | Noticed Eustachio
  3463 | D:4      | Reached skill level 1 in Throwing
  3466 | D:4      | HP: 11/44 [quokka[Eustachio] (2)]
  3467 | D:4      | HP: 2/44 [quokka[Eustachio] (4)]
  3468 | D:4      | Slain by an iron imp

Levels and vault maps discovered:
D:1:      dpeg_arrival_ratfight, layout_rooms, fountainhead
D:2:      cheibrodos_greedy_goblins, layout_basic, serial_undead,
          serial_undead_f, serial_undead_e, serial_undead_f, serial_undead_b,
          serial_undead_a, minmay_fractal_squares_5, uniq_sigmund
D:3:      layout_basic
D:4:      layout_loops_ring, grunt_ministairs_8, hellmonk_no_cap,
          uniq_eustachio, uniq_grinder

Skill      XL: |  1  2  3  4  5  6  7 |
---------------+----------------------+-----
Axes           | 2 3 5 7 |  7.0
Dodging        | 1 |  1.0
Fighting       | 4 5 |  5.1
Throwing       | 1 |  1.0
Armour         | |  3.2
Shields        | |  3.2

Action                     |  1- 3 |  4- 6 |  7- 9 || total
---------------------------+-------+-------+-------++-------
  Melee: War axe           |   115 |   188 |    88 ||   391
  Throw: Boomerang         |       |    10 |    17 ||    27
    Use: Scroll            |       |     4 |       ||     4
         Potion            |       |     2 |       ||     2
 Armour: Scale mail        |    60 |    53 |       ||   113
         Ring mail         |       |    38 |    44 ||    82
  Dodge: Dodged            |    59 |   104 |    55 ||   218
  Block: Buckler           |    20 |    44 |    17 ||    81

Table legend:
 A = Non-vault XP
 B = Vault XP
 C = Vault XP percentage of total XP
 D = Non-vault monster count
 E = Vault monster count
 F = Vault count percentage of total count
                 A         B        C        D         E       F
            +---------+---------+-------+---------+---------+-------
      Total |     577 |     572 |  49.8 |      78 |      33 |  29.7
            +---------+---------+-------+---------+---------+-------
        D:1 |      44 |       5 |  10.2 |      20 |       5 |  20.0
        D:2 |      70 |     295 |  80.8 |      21 |      27 |  56.2
        D:3 |      29 |       0 |   0.0 |      11 |       0 |   0.0
        D:4 |     434 |     272 |  38.5 |      26 |       1 |   3.7
            +---------+---------+-------+---------+---------+-------
